 Dungeon Crawl Stone Soup version 0.21.1-1-g345015f (webtiles) character file.

358 batai666 the Digger (level 6, -3/32 HPs)
             Began as a Gargoyle Earth Elementalist on Feb 23, 2018.
             Was a Follower of Vehumet.
             Slain by an ogre
             ... wielding a +0 giant club
              (17 damage)
             ... on level 4 of the Dungeon.
             The game lasted 00:19:32 (4694 turns).

batai666 the Digger (Gargoyle Earth Elementalist)   Turns: 4694, Time: 00:19:33

Health: -3/32      AC:  6    Str: 12    XL:     6   Next: 64%
Magic:  6/12       EV: 12    Int: 17    God:    Vehumet [*.....]
Gold:   160        SH:  0    Dex: 10    Spells: 4/13 levels left

rFire    . . .     SeeInvis +   s - +0 quarterstaff
rCold    . . .     Gourm    .   (shield currently unavailable)
rNeg     + . .     Faith    .   c - +0 robe
rPois    ∞         Spirit   .   (no helmet)
rElec    +         Reflect  .   (no cloak)
rCorr    .         Harm     .   (no gloves)
MR       .....                  (no boots)
Stlth    ++........             (no amulet)
HPRegen  0.10/turn              n - ring of see invisible
MPRegen  0.13/turn              (no ring)

@: no status effects
A: negative energy resistance 1, electricity resistance, unbreathing,
petrification resistance, rot immunity, AC +4
a: Renounce Religion


You were on level 4 of the Dungeon.
You worshipped Vehumet.
Vehumet was aware of your devotion.
You were not hungry.

You visited 1 branch of the dungeon, and saw 5 of its levels.

You collected 160 gold pieces.

Inventory:

Hand Weapons
 g - a +0 whip
 p - a +0 mace
 s - a +0 quarterstaff (weapon)
Missiles
 b - 95 stones (quivered)
Armour
 c - a +0 robe (worn)
 h - a +3 ring mail
 j - a +0 buckler
Jewellery
 n - a ring of see invisible (left hand)
Wands
 w - a wand of disintegration (15)
Scrolls
 a - a scroll of enchant armour
 k - 2 scrolls of amnesia
 l - a scroll of remove curse
 m - a scroll of magic mapping
 q - 2 scrolls of teleportation {unknown}
 t - a scroll of enchant weapon {unknown}
Potions
 f - a potion of might
 o - 2 potions of curing
 r - a potion of heal wounds {unknown}
Books
 e - a book of Geomancy

   Spells                             Type                      Level
   a - Sandblast                      Earth                        1
   b - Passwall                       Transmutation/Earth          2
   c - Stone Arrow                    Conjuration/Earth            3
   d - Petrify                        Transmutation/Earth          4
   e - Lee's Rapid Deconstruction     Earth                        5
 i - a book of the Tempests

   Spells                             Type                      Level
   a - Static Discharge               Conjuration/Air              3
   b - Lightning Bolt                 Conjuration/Air              5
   c - Ignition                       Fire                         8
   d - Tornado                        Air                          9
   e - Shatter                        Earth                        9
 v - a book of Conjurations

   Spells                             Type                      Level
   a - Magic Dart                     Conjuration                  1
   b - Searing Ray                    Conjuration                  2
   c - Dazzling Spray                 Conjuration/Hexes            3
   d - Fulminant Prism                Conjuration/Hexes            4
   e - Force Lance                    Conjuration/Translocation    4
   f - Iskenderun's Mystic Blast      Conjuration                  4
Comestibles
 d - 7 rations


   Skills:
 - Level 1.5 Dodging
 - Level 2.1 Stealth
 + Level 4.0 Spellcasting
 + Level 3.5 Conjurations
   Level 0.7 Transmutations
 + Level 6.0 Earth Magic


You had 4 spell levels left.
You knew the following spells:

 Your Spells              Type           Power        Failure   Level  Hunger
a - Sandblast             Erth           ###...       1%          1    None
b - Stone Arrow           Conj/Erth      ###...       7%          3    ###....
c - Lee's Rapid Deconstr  Erth           ###.......   36%         5    ######.


Dungeon Overview and Level Annotations

Branches:
Dungeon (5/15)
 Temple: D:4-7

Altars:
Ashenzari
Sif Muna
Trog
Uskayaw
Vehumet
Wu Jian


Innate Abilities, Weirdness & Mutations

You are resistant to torment.
Your stone body is resilient. (AC +4)
You are immune to poison.
You resist negative energy. (rN+)
You are resistant to electric shocks. (rElec)
You can survive without breathing.
You are immune to petrification.
You are immune to rotting.


Message History

Aim: an ogre, wielding a giant club The stone arrow hits the ogre.
The ogre is moderately wounded.
The ogre closely misses you.
Casting: Stone Arrow
Confirm with . or Enter, or press ? or * to list all spells.
Aiming: Sandblast
Press: ? - help, Shift-Dir - straight line, f/p - ogre
Aim: an ogre, wielding a giant club (moderately wounded)
Okay, then.
Casting: Sandblast
Confirm with . or Enter, or press ? or * to list all spells.
Aiming: Stone Arrow
Press: ? - help, Shift-Dir - straight line, f/p - ogre
Aim: an ogre, wielding a giant club (moderately wounded)
The stone arrow hits the ogre.
The ogre is almost dead.
The ogre hits you with a giant club!
Ouch! That really hurt!
You die...

#......# #.####.# #.#
#.# ##############.#
#.# ##.##.........#.#
#.# ..(##.#######.#.#
#.# ##.##.### ###.#.#
#.#
##......###.#.#O####.#
................@....#
#.....#...#.##########
#.....#####.#
#...........#
#....########
#..........#
.......(...#
##.######..#
##.........#


You could see an ogre.

Vanquished Creatures
  A bullfrog (D:4)
  A scorpion (D:4)
  A hound (D:4)
  An orc wizard (D:5)
  A worker ant (D:4)
  Natasha (D:2)
  3 adders
  2 oozes
  3 adder skeletons
  4 worms
  A dart slug (D:1)
  3 orcs
  5 giant cockroaches
  5 goblins
  5 hobgoblins
  8 jackals
  9 kobolds
  3 quokkas
  3 ball pythons
  6 bats
  3 frilled lizards
  A leopard gecko skeleton (D:4)
  A leopard gecko zombie (D:5)
  13 rats
84 creatures vanquished.

Notes
Turn   | Place    | Note
-------+----------+-------------------------------------------
     0 | D:1      | batai666 the Gargoyle Earth Elementalist began the quest for the Orb.
     0 | D:1      | Reached XP level 1. HP: 10/10 MP: 3/3
   108 | D:1      | Reached XP level 2. HP: 15/15 MP: 5/5
   119 | D:1      | Reached skill level 4 in Earth Magic
   728 | D:1      | Reached XP level 3. HP: 19/19 MP: 1/6
   733 | D:1      | Learned a level 3 spell: Stone Arrow
  1580 | D:2      | Found a faded altar of an unknown god.
  1730 | D:2      | Found a radiant altar of Vehumet.
  1748 | D:2      | Reached skill level 1 in Conjurations
  1760 | D:2      | Became a worshipper of Vehumet
  1860 | D:2      | Found a shattered altar of Ashenzari.
  1901 | D:2      | Found a deep blue altar of Sif Muna.
  2184 | D:2      | Noticed Natasha
  2189 | D:2      | Killed Natasha
  2189 | D:2      | Reached XP level 4. HP: 13/24 MP: 0/8
  2284 | D:2      | Found an ornate altar of the Wu Jian Council.
  2515 | D:3      | Reached skill level 5 in Earth Magic
  3009 | D:3      | Reached XP level 5. HP: 28/28 MP: 9/9
  3595 | D:4      | Learned a level 5 spell: Lee's Rapid Deconstruction
  3659 | D:4      | Found a hide-covered altar of Uskayaw.
  3719 | D:4      | Found a bloodstained altar of Trog.
  3790 | D:4      | Reached XP level 6. HP: 30/32 MP: 8/11
  4105 | D:4      | Reached * piety under Vehumet
  4105 | D:4      | Offered knowledge of Sting by Vehumet.
  4409 | D:5      | Entered Level 5 of the Dungeon
  4427 | D:5      | Reached skill level 6 in Earth Magic
  4694 | D:4      | Slain by an ogre

Skill      XL: |  1  2  3  4  5  6 |
---------------+-------------------+-----
Earth Magic    | 4 5 6 |  6.0
Conjurations   | 1 2 3 |  3.5
Spellcasting   | 3 4 |  4.0
Dodging        | |  1.5
Stealth        | |  2.1
Transmutations | |  0.7

Action                   |  1- 3 |  4- 6 || total
-------------------------+-------+-------++-------
Melee: Unarmed           |     3 |       ||     3
       Whip              |    81 |    13 ||    94
       Mace              |       |    56 ||    56
       Quarterstaff      |       |    41 ||    41
 Cast: Sandblast         |    34 |    45 ||    79
       Stone Arrow       |     1 |     9 ||    10
       Lee's Rapid Decon |       |     1 ||     1
  Use: Scroll            |     2 |     4 ||     6
 Stab: Sleeping          |     2 |     2 ||     4
  Eat: Chunk             |     4 |     6 ||    10
       Ration            |       |     1 ||     1
Armor: Robe              |    42 |    55 ||    97
Dodge: Dodged            |    65 |   110 ||   175
